 Dungeon Crawl Stone Soup version 0.27-a0-223-ge082b6e869 (webtiles) character file.

Game seed: 18325227916343083549

92 inqbanana the Skirmisher (level 4, -1/36 HPs)
             Began as a Formicid Abyssal Knight on Feb 2, 2021.
             Was a Believer of Lugonu.
             Slain by Sigmund
             ... wielding a +0 scythe
              (9 damage)
             ... on level 3 of the Dungeon.
             The game lasted 00:04:36 (2765 turns).

inqbanana the Skirmisher (Formicid Abyssal Knight)  Turns: 2765, Time: 00:04:36

Health: -1/36      AC:  6    Str: 16    XL:     4   Next: 90%
Magic:  6/6        EV: 11    Int: 12    God:    Lugonu [**....]
Gold:   159        SH:  0    Dex: 11    Spells: 3/3 levels left

rFire    . . .     SeeInvis +   a - +1 hand axe
rCold    . . .     Faith    .   (no shield)
rNeg     . . .     Spirit   .   g - +0 ring mail
rPois    .         Reflect  .   (helmet unavailable)
rElec    .         Harm     .   i - +0 cloak
rCorr    .         Rampage  .   (no gloves)
Will     .....                  (no boots)
Stlth    ..........             (no amulet)
HPRegen  0.12/turn              (no ring)
MPRegen  0.10/turn              (no ring)

@: confused, brilliant, attractive
A: permanent stasis, dig shafts and tunnels, four strong arms, antennae 3
a: Dig, Shaft Self, Renounce Religion, Depart the Abyss, Bend Space


You were on level 3 of the Dungeon.
You worshipped Lugonu.
Lugonu was pleased with you.
You visited 1 branch of the dungeon, and saw 3 of its levels.
You visited the Abyss 1 time.

You collected 159 gold pieces.

Inventory:

Hand Weapons
 a - a +1 hand axe (weapon)
Missiles
 d - 8 javelins
 k - 10 boomerangs (quivered)
Armour
 b - a +0 leather armour
 g - a +0 ring mail (worn)
 i - a +0 cloak (worn)
 l - a scarf of invisibility
Jewellery
 o - an uncursed ring of protection from fire {unknown}
Scrolls
 f - a scroll of enchant weapon
 h - 3 scrolls of remove curse
 m - 2 scrolls of identify
 n - a scroll of amnesia
Potions
 j - a potion of curing


   Skills:
 + Level 3.6 Fighting
 * Level 2.8 Axes
 + Level 0.8 Throwing
 + Level 2.6 Armour
 + Level 1.4 Dodging
 + Level 1.4 Stealth
 * Level 3.2 Invocations


You had 3 spell levels left.
You didn't know any spells.
Your spell library contained the following spells:

 Spells                   Type           Power        Failure   Level
 Corona                   Hex            0%           52%         1
 Ensorcelled Hibernation  Hex/Ice        0%           67%         2
 Confusing Touch          Hex            0%           88%         3
 Dazzling Flash           Conj/Hex       0%           88%         3
 Tukima's Dance           Hex            0%           88%         3


Dungeon Overview and Level Annotations

Branches:
Dungeon (3/15)

Altars:

Annotations:
D:3 Sigmund


Innate Abilities, Weirdness & Mutations

You cannot be hasted, slowed, berserked, paralysed or teleported.
You can dig through walls and to a lower floor.
Your four strong arms can wield two-handed weapons with a shield.
You have a pair of large antennae on your head. (SInv)


Message History

You feel less confused. Sigmund misses you.
You hit Sigmund.
Sigmund is heavily wounded.
Sigmund misses you.
Unknown command.
You barely miss Sigmund.
Sigmund is heavily wounded.
Sigmund misses you.
Unknown command.
You closely miss Sigmund.
Sigmund is heavily wounded.
Sigmund points at you and mumbles some strange words.
You are confused.
Unknown command.
You bump into the rock wall.
Sigmund hits you with a +0 scythe.
* * * LOW HITPOINT WARNING * * *
Unknown command.
Sigmund hits you from afar with a +0 scythe!
You die...

# #.#.# ###.#. #.# # ....
#.# .####.## #.# (......##
#.# ##.....## ####.# #
##.@.....## ##.##.#
...#.##.........####...#.#
......'.@......)'........#
..#.##.........####....##
# ##..>....## ##.#.#
##.....## ###.# ##...##
#.# ##+## #.# ####.# #.#


You could see Sigmund (fast, invisible).

Vanquished Creatures
  2 adders (D:2)
  2 oozes
  3 worms
  3 dart slugs
  2 leopard geckos (D:1)
  5 goblins
  6 hobgoblins
  4 kobolds (D:1)
  A quokka (D:2)
  3 ball pythons
  8 bats
  4 frilled lizards
  9 rats
52 creatures vanquished.

Notes
Turn   | Place    | Note
-------+----------+-------------------------------------------
     0 | Abyss:1  | inqbanana the Formicid Abyssal Knight began the quest for
                  | the Orb.
     0 | Abyss:1  | Reached XP level 1. HP: 18/18 MP: 2/2
   102 | Abyss:1  | Noticed a large abomination
   123 | Abyss:1  | Noticed a blink frog
   149 | Abyss:1  | Noticed a ynoxinul
   158 | D:1      | Escaped the Abyss
   272 | D:1      | Reached skill level 1 in Dodging
   279 | D:1      | Reached XP level 2. HP: 10/24 MP: 3/3
   505 | D:1      | Reached * piety under Lugonu
   639 | D:1      | Reached XP level 3. HP: 27/29 MP: 4/4
   792 | D:1      | Reached skill level 1 in Stealth
  1423 | D:2      | Reached XP level 4. HP: 28/35 MP: 6/6
  2054 | D:2      | Reached ** piety under Lugonu
  2745 | D:3      | Noticed Sigmund
  2765 | D:3      | Slain by Sigmund

Illustrated notes

Levels and vault maps discovered:
D:1:      elethiomel_arrival_fortress_basement, layout_loops_cross,
          minmay_strange_pillars, corexii_leaking_fountain
D:2:      layout_loops_cross
D:3:      layout_loops_corners, gammafunk_ghost_split, uniq_crazy_yiuf_cottage,
          uniq_sigmund

Skill      XL: |  1  2  3  4 |
---------------+-------------+-----
Dodging        | 1 |  1.4
Stealth        | 1 |  1.4
Invocations    | 3 |  3.2
Fighting       | |  3.6
Axes           | |  2.8
Throwing       | |  0.8
Armour         | |  2.6

Action                   |  1- 3 |  4- 6 || total
-------------------------+-------+-------++-------
Melee: Hand axe          |    66 |    62 ||   128
Throw: Javelin           |     2 |       ||     2
       Boomerang         |    18 |    15 ||    33
Invok: Depart the Abyss  |     1 |       ||     1
 Abil: Dig               |     2 |     1 ||     3
  Use: Scroll            |     4 |     2 ||     6
       Potion            |     2 |     3 ||     5
 Stab: Sleeping          |       |     1 ||     1
Armor: Leather armour    |    22 |       ||    22
       Ring mail         |     5 |    11 ||    16
Dodge: Dodged            |    46 |    32 ||    78

Table legend: (Time is in decaauts)
 A = Elapsed time spent in this place.
 B = Non-inter-level travel time spent in this place.
 C = Inter-level travel time spent in this place.
 D = Time resting spent in this place.
 E = Time spent auto-exploring this place.
 F = Levels seen in this place.
 G = Mean time per level.
                   A        B        C        D        E       F      G
               +--------+--------+--------+--------+--------+-----+--------+
         Total |   2797 |   2725 |     72 |    291 |   1882 |   4 |  699.2 |
       Dungeon |   2639 |   2567 |     72 |    291 |   1786 |   3 |  879.7 |
         Abyss |    158 |    158 |      0 |      0 |     96 |   1 |  158.0 |
               +--------+--------+--------+--------+--------+-----+--------+

Top non-repeatable levels by time:
     D:2: 1205 daAuts
     D:1: 1176 daAuts
     D:3: 257 daAuts
 Abyss:1: 158 daAuts
